[Event "ICCopen2017"]
[Site "Internet Chess Club"]
[Date "2017.03.26"]
[Round "10"]
[White "Magagna"]
[Black "alejandrorios"]
[Result "0-1"]
[ICCResult "White resigns"]
[WhiteElo "1745"]
[BlackElo "1941"]
[Opening "Queen's pawn game"]
[ECO "A46"]
[NIC "QP.05"]
[Time "20:52:50"]
[TimeControl "180+0"]

1. d4 Nf6 2. Nf3 e6 3. Bf4 d5 4. e3 c5 5. c4 cxd4 6. exd4 Nc6 7. Nc3 Be7 8.
cxd5 Nxd5 9. Qb3 Nxf4 10. Bb5 O-O 11. O-O Bd7 12. Bxc6 Bxc6 13. Rad1 Bxf3
14. gxf3 Bd6 15. Qxb7 Qg5+ {White resigns} 0-1

[Event "ICCopen2017"]
[Site "Internet Chess Club"]
[Date "2017.03.26"]
[Round "10"]
[White "qpr"]
[Black "uggi"]
[Result "0-1"]
[ICCResult "White resigns"]
[WhiteElo "1625"]
[BlackElo "1920"]
[Opening "King's Indian: orthodox, 7...Nbd7"]
[ECO "E94"]
[NIC "KI.14"]
[Time "20:52:23"]
[TimeControl "180+0"]

1. d4 Nf6 2. c4 g6 3. Nc3 Bg7 4. e4 d6 5. Nf3 O-O 6. Be2 e5 7. O-O Nbd7 8.
h3 c6 9. Be3 Qe7 10. Qc2 Re8 11. d5 c5 12. Qd2 Nh5 13. g4 Nf4 14. Bxf4 exf4
15. Qxf4 Ne5 16. Nxe5 Bxe5 17. Qe3 Bd7 18. f4 Bd4 {White resigns} 0-1

[Event "ICCopen2017"]
[Site "Internet Chess Club"]
[Date "2017.03.26"]
[Round "10"]
[White "Kjaan1974"]
[Black "Kokopelli"]
[Result "1-0"]
[ICCResult "Black resigns"]
[WhiteElo "1475"]
[BlackElo "1104"]
[Opening "Four knights game"]
[ECO "C47"]
[NIC "KP.06"]
[Time "20:52:20"]
[TimeControl "180+0"]

1. e4 e5 2. Nf3 Nc6 3. Nc3 Nf6 4. d3 Bb4 5. Bd2 O-O 6. h3 Bxc3 7. bxc3 d5 8.
exd5 Qxd5 9. Be2 Re8 10. O-O e4 11. c4 Qf5 12. Nh4 Qg5 13. Bxg5 {Black
resigns} 1-0

[Event "ICCopen2017"]
[Site "Internet Chess Club"]
[Date "2017.03.26"]
[Round "10"]
[White "glokoll"]
[Black "OverSoul"]
[Result "0-1"]
[ICCResult "White checkmated"]
[WhiteElo "1466"]
[BlackElo "1347"]
[Opening "Benko's opening"]
[ECO "A00"]
[NIC "VO.09"]
[Time "20:52:30"]
[TimeControl "180+0"]

1. g3 e6 2. Bg2 d5 3. c4 c6 4. cxd5 exd5 5. d4 Nf6 6. Nc3 Bd6 7. Nf3 O-O 8.
O-O Re8 9. h3 Bf5 10. g4 Be4 11. Nh2 Bxg2 12. Kxg2 Ne4 13. Nxe4 Rxe4 14. f3
Re8 15. e3 Qc7 16. f4 Nd7 17. Nf3 Nf6 18. Ne5 Bxe5 19. fxe5 Ne4 20. Qd3 Re6
21. Rf5 g6 22. Rf3 Rf8 23. Rf1 f6 24. exf6 Rexf6 25. Bd2 Qg3+ 26. Kh1 Qxh3+
27. Kg1 Qg3+ 28. Kh1 Nf2+ 29. Rxf2 Rxf2 30. Be1 Qg2# {White checkmated} 0-1

[Event "ICCopen2017"]
[Site "Internet Chess Club"]
[Date "2017.03.26"]
[Round "10"]
[White "hgarjur"]
[Black "Mandragora"]
[Result "1-0"]
[ICCResult "Black resigns"]
[WhiteElo "1862"]
[BlackElo "1546"]
[Opening "Bird's opening"]
[ECO "A03"]
[NIC "VO.07"]
[Time "20:52:28"]
[TimeControl "180+0"]

1. f4 d5 2. g3 c5 3. Bg2 Nc6 4. Nf3 e6 5. d3 Be7 6. O-O Nf6 7. h3 a6 8. a3
Rb8 9. Nc3 Bd7 10. e4 dxe4 11. dxe4 Nd4 12. Nxd4 cxd4 13. Qxd4 Rc8 14. Qd1
Bc5+ 15. Kh2 O-O 16. Qe2 b5 17. Be3 Be7 18. Rad1 Qe8 19. e5 Nd5 20. Nxd5
exd5 21. Bxd5 Be6 22. Bxe6 fxe6 23. c3 Qg6 24. Rd3 h5 25. Rfd1 h4 26. Qg4
hxg3+ 27. Kxg3 Qh7 28. Qxe6+ Kh8 29. Qxe7 Rfe8 30. Qh4 Qxh4+ 31. Kxh4
{Black resigns}
1-0

[Event "ICCopen2017"]
[Site "Internet Chess Club"]
[Date "2017.03.26"]
[Round "10"]
[White "chigato"]
[Black "Radar777"]
[Result "1-0"]
[ICCResult "Black resigns"]
[WhiteElo "1630"]
[BlackElo "1356"]
[Opening "Gedult's opening"]
[ECO "A00"]
[Time "20:53:46"]
[TimeControl "180+0"]

1. f3 d5 2. e4 dxe4 3. fxe4 c5 4. Nf3 Nc6 5. Bd3 Bg4 6. Qe2 Ne5 7. Bb5+ Nc6
8. c3 Nf6 9. d3 Rc8 10. Ba4 a6 11. Bc2 Ne5 12. Bf4 Bxf3 13. gxf3 Ng6 14. Bg3
e6 15. Nd2 Bd6 16. e5 {Black resigns} 1-0

[Event "ICCopen2017"]
[Site "Internet Chess Club"]
[Date "2017.03.26"]
[Round "10"]
[White "egyptiantiger"]
[Black "MDT"]
[Result "1-0"]
[ICCResult "Black checkmated"]
[WhiteElo "1706"]
[BlackElo "1441"]
[Opening "King's Indian: orthodox, Aronin-Taimanov, bayonet attack"]
[ECO "E97"]
[NIC "KI.05"]
[Time "20:52:34"]
[TimeControl "180+0"]

1. d4 Nf6 2. c4 d6 3. Nf3 g6 4. Nc3 Bg7 5. e4 O-O 6. Be2 e5 7. O-O Nc6 8. d5
Ne7 9. b4 Nxe4 10. Nxe4 f5 11. Neg5 e4 12. Nd4 c5 13. Nde6 Bxe6 14. Nxe6 Qc8
15. bxc5 Bxa1 16. Bh6 Rf7 17. cxd6 Nc6 18. Qxa1 Nd8 19. Ng5 Rd7 20. g4 b6
21. gxf5 gxf5 22. Bh5 Qb7 23. Kh1 Nf7 24. Qg7# {Black checkmated} 1-0

[Event "ICCopen2017"]
[Site "Internet Chess Club"]
[Date "2017.03.26"]
[Round "10"]
[White "rayhem"]
[Black "carbonero1969"]
[Result "0-1"]
[ICCResult "White resigns"]
[WhiteElo "1400"]
[BlackElo "1807"]
[Opening "Modern defense"]
[ECO "A40"]
[NIC "QO.17"]
[Time "20:53:36"]
[TimeControl "180+0"]

1. d4 g6 2. Nf3 Bg7 3. e3 c5 4. h3 Nf6 5. d5 d6 6. c4 O-O 7. Nc3 Na6 8. a3
Bd7 9. e4 Rb8 10. Bg5 Nc7 11. Qd2 b5 12. Bh6 bxc4 13. Bxg7 Kxg7 14. Bxc4 Nb5
15. g4 Nxc3 16. bxc3 Nxe4 17. Qc2 Nf6 18. O-O-O Qa5 19. Rd3 Qxa3+ 20. Kd2
Rb2 21. Qxb2 {White resigns} 0-1

[Event "ICCopen2017"]
[Site "Internet Chess Club"]
[Date "2017.03.26"]
[Round "10"]
[White "Alright2015"]
[Black "JaqueMateus1"]
[Result "1-0"]
[ICCResult "Black resigns"]
[WhiteElo "2288"]
[BlackElo "2294"]
[Opening "King's Indian: East Indian defense"]
[ECO "A48"]
[NIC "QP.06"]
[Time "20:53:28"]
[TimeControl "180+0"]

1. Nf3 Nf6 2. d4 g6 3. Nc3 Bg7 4. e4 O-O 5. Be3 d6 6. Qd2 Ng4 7. Bg5 h6 8.
h3 Nxf2 9. Qxf2 hxg5 10. Nxg5 c5 11. Qh4 Re8 12. Bc4 e6 13. O-O f6 14. Qh7+
Kf8 15. Qxg6 Qc7 16. Nh7+ Ke7 {Black resigns} 1-0

[Event "ICCopen2017"]
[Site "Internet Chess Club"]
[Date "2017.03.26"]
[Round "10"]
[White "TaijiChess22"]
[Black "PITCHUS"]
[Result "1/2-1/2"]
[ICCResult "Game drawn by mutual agreement"]
[WhiteElo "1864"]
[BlackElo "1735"]
[Opening "Caro-Kann: exchange variation"]
[ECO "B13"]
[NIC "CK.02"]
[Time "20:52:19"]
[TimeControl "180+0"]

1. e4 c6 2. d4 d5 3. exd5 cxd5 4. Bd3 Nf6 5. Bf4 Nc6 6. Nf3 Bg4 7. c3 e6 8.
Nbd2 Qb6 9. Qb3 Qxb3 10. axb3 Be7 11. O-O O-O 12. Rfe1 a5 13. Bc7 Rfc8 14.
Bg3 Bf5 15. Bxf5 exf5 16. Ne5 Nxe5 17. Bxe5 b5 18. Bxf6 Bxf6 19. Nf3 b4 20.
Rec1 g5 21. Ne5 Bxe5 22. dxe5 f4 23. f3 bxc3 24. bxc3 Re8 25. Re1 Rac8 26.
Rxa5 Rxc3 27. Rxd5 Rxb3 28. e6 f6 29. Kf2 Re3 30. Rxe3 fxe3+ 31. Kxe3 Rxe6+
32. Kf2 Kg7 33. Ra5 Kg6 {Game drawn by mutual agreement} 1/2-1/2

[Event "ICCopen2017"]
[Site "Internet Chess Club"]
[Date "2017.03.26"]
[Round "10"]
[White "lmenezes"]
[Black "ShadowStorm"]
[Result "1-0"]
[ICCResult "Black resigns"]
[WhiteElo "1628"]
[BlackElo "1344"]
[Opening "Queen's pawn"]
[ECO "A40"]
[NIC "QO.17"]
[Time "20:53:07"]
[TimeControl "180+0"]

1. d4 e6 2. Bf4 Nf6 3. e3 d5 4. Nf3 Be7 5. Bd3 Nbd7 6. c4 Nf8 7. Nc3 c6 8.
Qe2 Ng6 9. Bg3 O-O 10. O-O a6 11. c5 b5 12. cxb6 Qxb6 13. Rfc1 Rb8 14. b3 c5
15. Na4 Qa7 16. dxc5 Bd7 17. c6 Be8 18. Bxb8 Qxb8 19. c7 Qc8 20. Nb6 Qb7 21.
Bxa6 Qxb6 22. c8=Q Bb5 23. Qxb5 Qxb5 24. Bxb5 Rxc8 25. Rxc8+ Nf8 26. Ne5 Ne4
27. Nd7 Nd6 28. Rb8 Nxb5 29. Nxf8 Bxf8 30. Rxb5 g6 31. Rb8 Kg7 32. Rxf8 Kxf8
33. b4 {Black resigns} 1-0

[Event "ICCopen2017"]
[Site "Internet Chess Club"]
[Date "2017.03.26"]
[Round "10"]
[White "Mercury"]
[Black "Baerenstarker"]
[Result "1-0"]
[ICCResult "Black resigns"]
[WhiteElo "2173"]
[BlackElo "1834"]
[Opening "Sicilian defense"]
[ECO "B40"]
[NIC "SI.43"]
[Time "20:52:33"]
[TimeControl "180+0"]

1. e4 c5 2. Nf3 e6 3. c4 Nc6 4. Nc3 g6 5. d4 cxd4 6. Nxd4 Bg7 7. Ndb5 d5 8.
cxd5 exd5 9. exd5 Ne5 10. d6 Kf8 11. Be2 Nf6 12. O-O a6 13. Nc7 Rb8 14. Bf4
Ne8 15. Nxe8 Qxe8 16. Re1 Be6 17. Bf3 Nxf3+ 18. Qxf3 Qd7 19. Ne4 b6 20. Rac1
Rb7 21. Qg3 h6 22. Be5 f5 23. Bxg7+ Kxg7 24. Qe5+ Kh7 25. Nf6+ {Black
resigns} 1-0

[Event "ICCopen2017"]
[Site "Internet Chess Club"]
[Date "2017.03.26"]
[Round "10"]
[White "ibarra"]
[Black "TricksOnly"]
[Result "1-0"]
[ICCResult "Black resigns"]
[WhiteElo "2811"]
[BlackElo "2488"]
[Opening "Scandinavian defense"]
[ECO "B01"]
[NIC "SD.03"]
[Time "20:52:45"]
[TimeControl "180+0"]

1. e4 d5 2. exd5 Nf6 3. Be2 Qxd5 4. Nf3 Bg4 5. d4 e6 6. c4 Qh5 7. Be3 Nc6 8.
Nbd2 O-O-O 9. a3 Qg6 10. Qa4 Kb8 11. b4 Bxf3 12. Bxf3 Nxd4 13. Bxd4 Rxd4 14.
Qb5 b6 15. Qc6 Kc8 16. Nb3 Rd6 17. Qa8+ Kd7 18. c5 Qd3 19. cxd6 Qc3+ 20. Ke2
Qe5+ 21. Kf1 Rg8 22. Qc6+ {Black resigns} 1-0

[Event "ICCopen2017"]
[Site "Internet Chess Club"]
[Date "2017.03.26"]
[Round "10"]
[White "Buscapina"]
[Black "BlueGreen"]
[Result "0-1"]
[ICCResult "White resigns"]
[WhiteElo "2258"]
[BlackElo "2743"]
[Opening "two knights defense: Colman variation"]
[ECO "C58"]
[NIC "KP.01"]
[Time "20:52:56"]
[TimeControl "180+0"]

1. e4 e5 2. Nf3 Nc6 3. Bc4 Nf6 4. Ng5 d5 5. exd5 Na5 6. Bb5+ c6 7. dxc6 bxc6
8. Qf3 Rb8 9. Bd3 Be7 10. O-O h6 11. Ne4 Nd5 12. Ng3 Nf4 13. Bf5 Ne6 14. c3
g6 15. Bc2 c5 16. Re1 Bb7 17. Be4 Ng5 18. Qe2 Nxe4 19. Nxe4 Qd5 20. d4 f5
21. b4 cxb4 22. cxb4 Qxe4 23. Qxe4 Bxe4 24. Nc3 Bxb4 25. Nxe4 Bxe1 26. Nd6+
Kd8 27. Nf7+ Kd7 28. Nxe5+ Ke6 29. Bf4 Bc3 30. Rd1 Bxd4 31. Nxg6 Rhd8 32.
Bxh6 Bxf2+ 33. Kxf2 Rxd1 {White resigns} 0-1

[Event "ICCopen2017"]
[Site "Internet Chess Club"]
[Date "2017.03.26"]
[Round "10"]
[White "touchthis"]
[Black "chessrex"]
[Result "0-1"]
[ICCResult "White resigns"]
[WhiteElo "1477"]
[BlackElo "1961"]
[Opening "Bird's opening"]
[ECO "A02"]
[NIC "VO.07"]
[Time "20:52:57"]
[TimeControl "180+0"]

1. f4 h6 2. Nf3 g5 3. fxg5 hxg5 4. g4 d5 5. h3 Bxg4 6. Bg2 Bxf3 7. exf3 e5
8. d3 g4 9. fxg4 Qh4+ 10. Kf1 c6 11. Qf3 Nd7 12. Nc3 Bc5 13. Bd2 O-O-O 14.
Be1 Qh7 15. Na4 Bd6 16. Bf2 Kb8 17. d4 e4 18. Qf5 Qg7 19. c3 Ne7 20. Qxd7
Rxd7 21. Nc5 Bxc5 22. dxc5 f5 23. gxf5 Nxf5 24. Bd4 Nxd4 25. cxd4 Qxd4 26.
Re1 Rf7+ {White resigns} 0-1

[Event "ICCopen2017"]
[Site "Internet Chess Club"]
[Date "2017.03.26"]
[Round "10"]
[White "charlestehace"]
[Black "Palse"]
[Result "0-1"]
[ICCResult "White resigns"]
[WhiteElo "2864"]
[BlackElo "2378"]
[Opening "Sicilian: Najdorf, Opocensky variation"]
[ECO "B92"]
[NIC "SI.11"]
[Time "20:52:47"]
[TimeControl "180+0"]

1. e4 c5 2. Nf3 d6 3. d4 cxd4 4. Nxd4 Nf6 5. Nc3 a6 6. Be2 e5 7. Nb3 Be7 8.
O-O O-O 9. a4 Be6 10. Be3 Nbd7 11. Qd3 Rc8 12. Nd5 Bxd5 13. exd5 Ne8 14. Qd2
g6 15. c4 Ng7 16. Bd3 e4 17. Be2 Ne5 18. Rac1 Qd7 19. a5 Nf5 20. Bb6 h6 21.
Nd4 Bg5 22. Qb4 Nxd4 23. Bxd4 Bxc1 24. Rxc1 Nd3 25. Bxd3 exd3 26. Qd2 Qg4
27. Qxh6 Qxd4 {White resigns} 0-1

[Event "ICCopen2017"]
[Site "Internet Chess Club"]
[Date "2017.03.26"]
[Round "10"]
[White "jncool68"]
[Black "nurmi"]
[Result "1-0"]
[ICCResult "Black resigns"]
[WhiteElo "2829"]
[BlackElo "2409"]
[Opening "Queen's pawn game"]
[ECO "D02"]
[NIC "QP.08"]
[Time "20:52:37"]
[TimeControl "180+0"]

1. d4 d5 2. Nf3 Bf5 3. c4 e6 4. Nc3 c6 5. Qb3 Qc8 6. Bg5 Nd7 7. Rc1 Ngf6 8.
e3 h6 9. Bh4 Be7 10. Be2 O-O 11. O-O Bd6 12. Rfd1 Qb8 13. Bg3 Bxg3 14. hxg3
Rc8 15. Qa3 Qc7 16. cxd5 exd5 17. Nb5 Qb6 18. Nd6 Be4 19. Nxc8 Rxc8 20. Nd2
a6 21. b4 Re8 22. Qa5 Qd8 23. Qxd8 Rxd8 24. a4 g5 25. g4 Bg6 26. Nb3 Ne4 27.
Bd3 f5 28. gxf5 Bxf5 29. Nc5 Ndxc5 30. bxc5 Bc8 31. Bxe4 dxe4 32. Rc2 Kf7
33. f3 Re8 34. Kf2 Kf6 35. d5 cxd5 36. Rxd5 exf3 37. gxf3 Re7 38. Rd6+ Kg7
39. c6 bxc6 40. Rdxc6 Bb7 41. Rc7 {Black resigns} 1-0

[Event "ICCopen2017"]
[Site "Internet Chess Club"]
[Date "2017.03.26"]
[Round "10"]
[White "WobblySquares"]
[Black "heartache"]
[Result "1-0"]
[ICCResult "Black checkmated"]
[WhiteElo "1687"]
[BlackElo "1076"]
[Opening "Three knights game"]
[ECO "C46"]
[NIC "KP.06"]
[Time "20:53:24"]
[TimeControl "180+0"]

1. e4 e5 2. Nf3 Nc6 3. Nc3 Bc5 4. Be2 a6 5. Nxe5 Nf6 6. Nxc6 dxc6 7. d3 O-O
8. O-O h6 9. Be3 Bxe3 10. fxe3 b5 11. Bf3 Bb7 12. Qe1 Rb8 13. Ne2 c5 14. Ng3
a5 15. Rd1 Qe7 16. Nf5 Qe6 17. Qg3 g5 18. Nxh6+ Kg7 19. Nf5+ Kg6 20. h4 Rh8
21. Qxg5+ Kh7 22. Qg7# {Black checkmated} 1-0

[Event "ICCopen2017"]
[Site "Internet Chess Club"]
[Date "2017.03.26"]
[Round "10"]
[White "Aladdin"]
[Black "larso"]
[Result "0-1"]
[ICCResult "White checkmated"]
[WhiteElo "2276"]
[BlackElo "2603"]
[Opening "Sicilian: dragon, classical attack"]
[ECO "B72"]
[NIC "SI.16"]
[Time "20:53:29"]
[TimeControl "180+0"]

1. e4 c5 2. Nf3 d6 3. d4 cxd4 4. Nxd4 Nf6 5. Nc3 g6 6. Be3 Bg7 7. Be2 O-O 8.
f4 Nc6 9. Nb3 b6 10. g4 Bb7 11. g5 Nd7 12. h4 Nc5 13. h5 Nb4 14. Bf3 Rc8 15.
a3 Nba6 16. Qd2 Re8 17. hxg6 hxg6 18. Qh2 e6 19. O-O-O Nxb3+ 20. cxb3 Nc5
21. Kb1 Nxb3 22. Qh7+ Kf8 23. Rh3 Rxc3 24. bxc3 Qc7 25. Be2 Qxc3 26. Bd4
Bxe4+ 27. Ka2 Qc2+ 28. Bb2 Qxb2# {White checkmated} 0-1

[Event "ICCopen2017"]
[Site "Internet Chess Club"]
[Date "2017.03.26"]
[Round "10"]
[White "icewoman"]
[Black "HighGround"]
[Result "0-1"]
[ICCResult "White checkmated"]
[WhiteElo "1076"]
[BlackElo "1336"]
[Opening "Queen's pawn: Charlick (Englund) gambit"]
[ECO "A40"]
[NIC "QO.17"]
[Time "20:52:56"]
[TimeControl "180+0"]

1. d4 e5 2. e3 exd4 3. exd4 Nf6 4. Qe2+ Be7 5. Qd2 O-O 6. Nf3 d6 7. Bd3 Bg4
8. O-O Nc6 9. Qe2 Nxd4 10. Nbd2 Nxe2+ 11. Bxe2 Re8 12. h3 Bxf3 13. Bxf3 c6
14. Re1 d5 15. Kf1 Bd6 16. c3 Rxe1+ 17. Kxe1 Qc7 18. Kf1 Re8 19. Nb3 c5 20.
Be3 b6 21. c4 d4 22. Bg5 Ne4 23. Bg4 h6 24. Bd2 Bf4 25. Be1 Qe7 26. Nd2
Nxd2+ 27. Bxd2 Bxd2 28. Rd1 Qe1+ 29. Rxe1 Rxe1# {White checkmated} 0-1

[Event "ICCopen2017"]
[Site "Internet Chess Club"]
[Date "2017.03.26"]
[Round "10"]
[White "jbow79"]
[Black "jaybird"]
[Result "0-1"]
[ICCResult "White resigns"]
[WhiteElo "996"]
[BlackElo "1527"]
[Opening "Queen's pawn"]
[ECO "A40"]
[NIC "QO.17"]
[Time "20:52:37"]
[TimeControl "180+0"]

1. d4 e6 2. Nf3 Nf6 3. g3 d6 4. Bg2 d5 5. O-O Bd6 6. Bg5 Nbd7 7. c3 c5 8.
Nbd2 Qc7 9. dxc5 Nxc5 10. e3 Nce4 11. Nxe4 Nxe4 12. Qd4 Nxg5 13. Nxg5 f6 14.
Qa4+ Bd7 15. Qb3 fxg5 16. Rad1 Bc6 17. Rd4 O-O 18. Rg4 Be7 19. Qc2 e5 20.
Rd1 e4 21. h4 Bd7 22. Rxg5 Bxg5 23. hxg5 Qe5 24. Bxe4 Qxe4 25. Qxe4 dxe4 26.
Rxd7 b6 {White resigns} 0-1

[Event "ICCopen2017"]
[Site "Internet Chess Club"]
[Date "2017.03.26"]
[Round "10"]
[White "checkmatiste"]
[Black "Mad-Cobra"]
[Result "1-0"]
[ICCResult "Black resigns"]
[WhiteElo "1669"]
[BlackElo "1826"]
[Opening "Queen's pawn, Mason variation"]
[ECO "D00"]
[NIC "QP.08"]
[Time "20:52:32"]
[TimeControl "180+0"]

1. d4 d5 2. Bf4 Nf6 3. e3 c6 4. Nf3 h6 5. c3 Bf5 6. Nbd2 e6 7. Be2 Nbd7 8.
O-O Bh7 9. h3 Be7 10. Ne5 Nxe5 11. Bxe5 Rg8 12. Nf3 Nd7 13. Bh2 f5 14. Ne5
Nxe5 15. Bxe5 Bd6 16. f4 Bxe5 17. dxe5 g5 18. c4 Qb6 19. Qd4 Qxd4 20. exd4
a6 21. cxd5 cxd5 22. Rac1 Kd7 23. Rc5 Rgc8 24. Rfc1 Rxc5 25. Rxc5 Rc8 26.
Rxc8 Kxc8 27. g3 Kc7 28. Kf2 b5 29. Ke3 Kb6 30. b4 a5 31. a3 axb4 32. axb4
Bg6 33. Kd3 Bf7 34. Bd1 Be8 35. Be2 Bf7 36. Bd1 Be8 37. Ke3 Kc7 38. fxg5
hxg5 39. h4 g4 40. Kf4 Kd7 41. Kg5 Ke7 42. Be2 Kf7 43. Bf1 Kg7 44. Be2 Bd7
45. Bd3 Kf7 46. h5 Kg7 47. Be2 Be8 48. Bf1 Bd7 49. Bg2 Bc6 50. h6+ Kh7 51.
Kf6 Bd7 52. Ke7 Bc8 53. Kd8 Ba6 54. Kd7 Kxh6 55. Kxe6 Kg5 56. Kxd5 f4 57.
gxf4+ Kxf4 58. Kd6 g3 59. e6 Ke3 60. d5 Kf2 61. Bh3 Bc8 62. Kc7 Bxe6 63.
dxe6 Kg1 64. e7 Kh2 65. Bf1 g2 66. Bxg2 Kxg2 67. e8=Q {Black resigns} 1-0

[Event "ICCopen2017"]
[Site "Internet Chess Club"]
[Date "2017.03.26"]
[Round "10"]
[White "NomDeGuerre"]
[Black "Tal-Baron"]
[Result "0-1"]
[ICCResult "White resigns"]
[WhiteElo "2024"]
[BlackElo "2705"]
[Opening "Sicilian: Alapin's variation (2.c3)"]
[ECO "B22"]
[NIC "SI.46"]
[Time "20:52:51"]
[TimeControl "180+0"]

1. e4 c5 2. c3 e6 3. d4 cxd4 4. cxd4 d5 5. Nc3 dxe4 6. Nxe4 Be7 7. Nf3 Nf6
8. Bd3 Nxe4 9. Bxe4 Nd7 10. O-O Nf6 11. Bc2 O-O 12. Qd3 b6 13. Bg5 g6 14.
Bh6 Re8 15. Ba4 Bd7 16. Bb3 Ng4 17. Bf4 Bf8 18. h3 Nf6 19. Ne5 Bg7 20. Bg5
h6 21. Bxf6 Bxf6 22. Nxg6 fxg6 23. Qxg6+ Bg7 24. Bc2 Qf6 25. Qh7+ Kf7 26. d5
exd5 27. Rae1 Bb5 28. Rxe8 Rxe8 29. Rd1 Rh8 30. Qf5 Qxf5 31. Bxf5 Rd8 32. b3
Bc3 33. a4 Be2 34. Rc1 d4 35. f3 Bd2 36. Rc7+ Kf6 37. Bc2 Be3+ 38. Kh2 Bf4+
39. g3 Bxc7 {White resigns} 0-1

[Event "ICCopen2017"]
[Site "Internet Chess Club"]
[Date "2017.03.26"]
[Round "10"]
[White "habishek"]
[Black "aravind6904"]
[Result "0-1"]
[ICCResult "White checkmated"]
[WhiteElo "1100"]
[BlackElo "1380"]
[Opening "Van't Kruijs opening"]
[ECO "A00"]
[Time "20:53:36"]
[TimeControl "180+0"]

1. e3 e5 2. d3 d5 3. g3 Nc6 4. Bg2 Nf6 5. Nc3 Bb4 6. Bd2 Be6 7. Nge2 O-O 8.
a3 Ba5 9. O-O Qd7 10. b4 Bb6 11. b5 Ne7 12. a4 a6 13. a5 Ba7 14. bxa6 bxa6
15. d4 e4 16. Qc1 Bh3 17. Bxh3 Qxh3 18. Nf4 Qd7 19. Qa3 Ng6 20. Nce2 Rab8
21. Nxg6 fxg6 22. Nf4 g5 23. Nh3 Qxh3 24. Qa2 Ng4 25. Qxd5+ Kh8 26. Rfe1
Qxh2+ 27. Kf1 Qxf2# {White checkmated} 0-1

[Event "ICCopen2017"]
[Site "Internet Chess Club"]
[Date "2017.03.26"]
[Round "10"]
[White "Chamanx"]
[Black "MikeWzd"]
[Result "0-1"]
[ICCResult "White checkmated"]
[WhiteElo "1534"]
[BlackElo "1741"]
[Opening "Robatsch (modern) defense"]
[ECO "B06"]
[NIC "KF.06"]
[Time "20:53:41"]
[TimeControl "180+0"]

1. e4 g6 2. Nf3 Bg7 3. Bc4 e6 4. O-O Ne7 5. d4 d5 6. exd5 exd5 7. Bd3 O-O 8.
Bd2 Bf5 9. Nc3 Bxd3 10. cxd3 Nbc6 11. Be3 Nf5 12. Ne2 Re8 13. Qd2 Qe7 14.
Ng3 Nxe3 15. fxe3 Qxe3+ 16. Qxe3 Rxe3 17. Rae1 Rae8 18. Rxe3 Rxe3 19. Ng5 f5
20. h4 Bxd4 21. Kh2 Be5 22. Nf3 Bxg3+ 23. Kxg3 Rxd3 24. Kf4 Kg7 25. Re1 h6
26. Ne5 Rd4+ 27. Kf3 Nxe5+ 28. Rxe5 Kf7 29. Ke3 Re4+ 30. Rxe4 fxe4 31. Kd4
Ke6 32. g4 a5 33. a4 b6 34. b3 c5+ 35. Ke3 Ke5 36. g5 hxg5 37. hxg5 d4+ 38.
Kd2 Kf4 39. Ke2 Kxg5 40. Kd2 Kf4 41. Ke2 g5 42. Kd2 g4 43. b4 cxb4 44. Ke2
g3 45. Kf1 Kf3 46. Kg1 e3 47. Kf1 d3 48. Kg1 d2 49. Kf1 d1=Q# {White
checkmated} 0-1

[Event "ICCopen2017"]
[Site "Internet Chess Club"]
[Date "2017.03.26"]
[Round "10"]
[White "marabu"]
[Black "nahuels1992"]
[Result "0-1"]
[ICCResult "White resigns"]
[WhiteElo "2085"]
[BlackElo "1455"]
[Opening "Two knights defense (Modern bishop's opening)"]
[ECO "C55"]
[NIC "IG.01"]
[Time "20:53:06"]
[TimeControl "180+0"]

1. e4 e5 2. Nf3 Nc6 3. Bc4 Nf6 4. d3 Be7 5. O-O O-O 6. c3 d5 7. exd5 Nxd5 8.
Re1 Bg4 9. h3 Bh5 10. g4 Bg6 11. Nxe5 Nxe5 12. Rxe5 Nb6 13. Qe2 Bf6 14. Re3
Bg5 15. Na3 Bxe3 16. Bxe3 Nxc4 17. dxc4 Qd3 18. Qxd3 Bxd3 19. Rd1 Rad8 20.
c5 Be2 21. Re1 Bd3 22. Kh2 a6 23. Kg3 Rfe8 24. h4 f5 25. g5 Re4 26. f3 f4+
27. Bxf4 Rxe1 28. Bxc7 Rde8 29. Bd6 Ra1 30. b3 Rxa2 31. Nc4 Bxc4 32. bxc4
Rc2 {White resigns} 0-1

[Event "ICCopen2017"]
[Site "Internet Chess Club"]
[Date "2017.03.26"]
[Round "10"]
[White "Incognito"]
[Black "Monterrey"]
[Result "1-0"]
[ICCResult "Black resigns"]
[WhiteElo "1592"]
[BlackElo "1678"]
[Opening "French: King's Indian attack"]
[ECO "C00"]
[NIC "FR.02"]
[Time "20:52:50"]
[TimeControl "180+0"]

1. e4 e6 2. d3 d5 3. Qe2 Nf6 4. Nf3 b6 5. e5 Nfd7 6. g3 c5 7. Bg2 Nc6 8. O-O
Be7 9. c4 d4 10. Ne1 Bb7 11. f4 g6 12. Nd2 Qc7 13. Ndf3 h6 14. a3 O-O-O 15.
Bd2 Kb8 16. Nc2 Rde8 17. b4 cxb4 18. axb4 Bf8 19. b5 Nd8 20. Nfxd4 Nc5 21.
Nb4 Qd7 22. Be3 Be7 23. Ra3 Bxg2 24. Qxg2 Qb7 25. Nbc6+ Nxc6 26. Nxc6+ Kc8
27. Rxa7 {Black resigns} 1-0

[Event "ICCopen2017"]
[Site "Internet Chess Club"]
[Date "2017.03.26"]
[Round "10"]
[White "FGM21"]
[Black "Discoverchess"]
[Result "0-1"]
[ICCResult "White forfeits on time"]
[WhiteElo "1945"]
[BlackElo "2674"]
[Opening "French: MacCutcheon, Lasker variation"]
[ECO "C12"]
[NIC "FR.05"]
[Time "20:52:24"]
[TimeControl "180+0"]

1. e4 e6 2. d4 d5 3. Nc3 Nf6 4. Bg5 Bb4 5. e5 h6 6. Bd2 Bxc3 7. bxc3 Ne4 8.
Qg4 g5 9. h4 c5 10. Nf3 cxd4 11. cxd4 Rg8 12. Bd3 Nc6 13. Bxe4 dxe4 14. Qxe4
g4 15. Qh7 Ne7 16. Bb4 gxf3 17. Bxe7 Kxe7 18. gxf3 Qxd4 19. Rd1 Qc3+ 20. Kf1
Qxf3 21. Qd3 Qxh1+ 22. Ke2 Qc6 23. Qh7 Bd7 24. Rd6 Qc4+ 25. Kd2 Qf4+ 26. Kd1
Rg1+ 27. Ke2 Qxe5+ {White forfeits on time} 0-1

[Event "ICCopen2017"]
[Site "Internet Chess Club"]
[Date "2017.03.26"]
[Round "10"]
[White "GrandPatzer5"]
[Black "vishweshk"]
[Result "1-0"]
[ICCResult "Black checkmated"]
[WhiteElo "1948"]
[BlackElo "1840"]
[Opening "French: Chigorin variation"]
[ECO "C00"]
[NIC "FR.01"]
[Time "20:53:38"]
[TimeControl "180+0"]

1. e4 e6 2. Qe2 d5 3. exd5 Qxd5 4. Nc3 Qd8 5. Nf3 Nf6 6. d4 Be7 7. Bf4 O-O
8. O-O-O a6 9. Ne5 Nbd7 10. g4 Nb6 11. g5 Nfd5 12. Nxd5 Nxd5 13. Be3 Nxe3
14. fxe3 c5 15. h4 Qc7 16. Bg2 Bd7 17. Be4 Rac8 18. Qh5 g6 19. Nxg6 fxg6 20.
Bxg6 hxg6 21. Qxg6+ Kh8 22. Qh6+ Kg8 23. g6 Rf7 24. gxf7+ Kxf7 25. Rdf1+ Ke8
26. Qh8+ Bf8 27. Qxf8# {Black checkmated} 1-0